Unix NetHack Version 3.7.0-88 Work-in-progress - last build Aug 21 2023 04:08:40 (b68ccb3e4f8f5dcb83e1e40b1ff56e7dffd4cd28,branch:master). Game began 2023-08-28 02:15:05, ended 2023-08-30 16:10:57. horga, chaotic male human Samurai --------- |.......| |.......| ----- |..O@...| |... |..@&...| --..--------- | |.......| | .-- --...|.......| |. ----.---- .| ..---.!..|.......| |......A......| .. ......%..-%.._...| ---....$....--- ..%%.%---.%..|%......| -----%----- .%% %- --%..|.......| ...%. -|--- --..--------- .. ---- .%.- |... . ........% . ----- ... --.``...%.... ... --............ -|----........... .............. ------- Horga the Ryoshu St:18/26 Dx:21 Co:18 In:15 Wi:18 Ch:12 Chaotic Astral Plane $:0 HP:129(265) Pw:78(78) AC:-18 Xp:16/361860 T:41762 Latest messages: Dean the invisible Sorcerer misses! The long worm attacks a spot beside you. The ogre lady wields a club! Dean the invisible Sorcerer tries to wield a halberd. Dean the invisible Sorcerer's two-handed sword is welded to his hands! Steve the invisible Journeyer zaps a wand of magic missile! The magic missile hits the troll! The magic missile hits the long worm! The magic missile hits the high priestess of Susanowo! There is a high altar to Susanowo (chaotic) here. What do you want to use or apply? [bhkms-vCEGKO-UWXZ or ?*] b x - an uncursed -1 helm of opposite alignment. Famine moves the renegade priestess of Amaterasu Omikami out of the way! Dean the invisible Sorcerer zaps a wand of death! The high priestess of Susanowo is killed by the death ray! The death ray whizzes by you! The death ray bounces! You hear a mumbled curse. What do you want to take off? [oDFI or ?*] ? Famine moves the troll out of the way! The Angel of Raijin zaps you with a magic missile! The magic missile hits Famine. The magic missile hits the long worm! The magic missile hits the long worm! You finish taking off your hat. You hit the long worm! You hit the long worm! The long worm just misses! The Angel of Moloch zaps you with a magic missile! The magic missile hits the Angel of Raijin. But it reflects from the Angel of Raijin's shield! The magic missile hits the Angel of Moloch. The magic missile hits it. The magic missile hits it. You kill the long worm! What do you want to wear? [xD or ?*] ? The ogre lady swings her club. The ogre lady hits! Dean the invisible Sorcerer picks up a light blue spellbook. You finish your dressing maneuver. Your mind oscillates briefly. The helm of opposite alignment glows black for a moment. There is a long worm corpse here; sacrifice it? [ynq] (n) n What do you want to sacrifice? [p or ?*] ? You offer the Amulet of Yendor to Susanowo... An invisible choir sings, and you are bathed in radiance... The voice of Susanowo thunders: "Mortal, thou hast done well!" "In return for thy service, I grant thee the gift of Immortality!" You ascend to the status of Demigod... Do you want to see the dungeon overview? [ynq] (y) y Inventory: Amulets f - an uncursed amulet of life saving (being worn) w - an uncursed amulet of life saving Weapons i - 14 blessed +6 shuriken (at the ready) A - the blessed +6 Grayswandir (wielded in right hand) B - a blessed +6 silver saber (wielded in left hand) Armor D - a blessed greased fireproof +5 elven leather helm x - a cursed -1 helm of opposite alignment (being worn) o - an uncursed fireproof +3 pair of gauntlets of dexterity (being worn) F - a blessed fireproof +4 pair of speed boots (being worn) I - a blessed greased fireproof +2 cloak of magic resistance (being worn) e - a blessed +5 T-shirt with text "Serial Ascender" (being worn) M - an uncursed greased +2 silver dragon scale mail (being worn) Scrolls g - an uncursed scroll of create monster Spellbooks W - the cursed Book of the Dead Rings c - an uncursed ring of conflict y - an uncursed ring of free action (on left hand) l - an uncursed ring of levitation q - a cursed ring of shock resistance z - an uncursed ring of teleport control Wands K - an uncursed wand of cold named -1 (0:3) v - an uncursed wand of death named -1 (1:1) G - an uncursed wand of digging (0:4) Q - an uncursed wand of digging (0:4) t - an uncursed wand of digging (0:2) u - an uncursed wand of digging (0:0) R - a cursed wand of digging (0:7) Z - an uncursed wand of fire (0:5) O - an uncursed wand of lightning (0:5) m - an uncursed wand of secret door detection (0:7) E - an uncursed wand of sleep (0:4) T - an uncursed wand of striking (0:4) S - an uncursed wand of striking (0:1) U - an uncursed wand of teleportation (0:3) Tools b - a blessed bag of holding containing 88 items C - the uncursed Bell of Opening (0:2) P - an uncursed blindfold X - the uncursed Candelabrum of Invocation (0 of 7 candles attached) k - a cursed skeleton key s - an uncursed stethoscope h - a blessed +0 unicorn horn Gems/Stones V - a blessed luckstone Contents of the bag of holding: 156 gold pieces a blessed amulet of reflection 16 blessed +6 shuriken a blessed +2 pair of levitation boots an uncursed +0 pair of water walking boots a blessed greased fireproof +3 cloak of protection a blessed +0 mummy wrapping an uncursed +0 robe 12 uncursed C-rations 4 uncursed gunyoki an uncursed K-ration an uncursed lembas wafer an uncursed sprig of wolfsbane 2 uncursed tripe rations an uncursed tin of rock troll meat an uncursed tin of troll meat an uncursed tin of water troll meat an uncursed tin of white unicorn meat 2 uncursed eggs an uncursed lizard corpse 30 blessed scrolls of blank paper 5 cursed scrolls of blank paper a blessed scroll of charging 2 blessed scrolls of enchant weapon an uncursed scroll of genocide a blessed scroll of identify an uncursed scroll of magic mapping 2 blessed scrolls of remove curse an uncursed scroll of stinking cloud a blessed scroll of taming 2 blessed scrolls of teleportation 3 blessed potions of extra healing a blessed potion of full healing 4 potions of holy water 2 uncursed potions of water 2 potions of unholy water an uncursed ring of free action a cursed -1 ring of gain constitution an uncursed ring of levitation an uncursed ring of polymorph control an uncursed ring of slow digestion an uncursed ring of teleportation an uncursed wand of cold (0:4) an uncursed wand of cold (0:4) an uncursed wand of cold (0:4) an uncursed wand of create monster (0:15) an uncursed wand of death named -1 (1:0) an uncursed wand of digging (0:8) an uncursed wand of digging (0:6) an uncursed wand of digging (0:5) an uncursed wand of digging (0:5) an uncursed wand of digging (0:5) an uncursed wand of digging (0:4) an uncursed wand of fire (0:8) an uncursed wand of fire (0:6) an uncursed wand of fire (0:5) an uncursed wand of fire named -? (0:3) an uncursed wand of fire (0:1) an uncursed wand of light (0:14) an uncursed wand of light (0:12) an uncursed wand of lightning (0:5) an uncursed wand of magic missile (0:3) an uncursed wand of polymorph (0:4) an uncursed wand of polymorph named -1 (0:4) an uncursed wand of polymorph (0:1) an uncursed wand of sleep named -? (0:1) an uncursed wand of striking (0:6) an uncursed wand of striking (0:5) an uncursed wand of striking (0:5) an uncursed wand of striking (0:5) an uncursed wand of striking (0:4) an uncursed wand of striking (0:3) an uncursed wand of striking (0:0) an uncursed wand of striking (0:0) an uncursed wand of teleportation (0:4) an uncursed wand of teleportation (0:4) an uncursed wand of undead turning (0:3) an uncursed wand of wishing (1:1) an uncursed wand of wishing (1:1) an uncursed can of grease (0:3) an uncursed leash an uncursed magic marker (0:59) an uncursed magic marker (1:16) an uncursed +0 pick-axe an uncursed tinning kit (0:90) an uncursed garnet stone an uncursed worthless piece of yellow glass an uncursed touchstone Horga the Samurai's attributes: Background: You were a Ryoshu, a level 16 male human Samurai. You were chaotic, temporarily on a mission for Susanowo who was opposed by Amaterasu Omikami (lawful) and Raijin (neutral). You were actually lawful. You were in the endgame, on the Astral Plane. You entered the dungeon 41762 turns ago. There was a full moon in effect when your adventure ended. You had 361860 experience points, 278140 more were needed to attain level 17. Basics: You had 129 out of 265 hit points. You had all 78 energy points (spell power). Your armor class was -18. Your wallet was empty, but you had 156 zorkmids stashed away in your pack. Autopickup was off. Final Characteristics: Your strength was 18/26 (limit:18/100). Your dexterity was 21 (base:18, innate limit:18). Your constitution was 18 (limit:18). Your intelligence was 15 (limit:18). Your wisdom was 18 (limit:18). Your charisma was 12 (peak:17, limit:18). Final Status: You were not hungry. You were unencumbered. You were wielding two weapons at once. Your two weapon skill was limited by being basic with saber. Final Attributes: You were the Hand of Elbereth. You were fervently aligned. You were magic-protected. You were fire resistant. You were cold resistant. You were sleep resistant. You were disintegration resistant. You were shock resistant. You were poison resistant. You resisted hallucinations. You saw invisible. You were telepathic. You were invisible to others. You were stealthy. You were warded. You were very fast. You had reflection. You had free action. Your life would have been saved. You were extremely lucky. You had extra luck. Good luck did not time out for you. You survived. Miscellaneous: You encountered 2 bones levels. Total elapsed playing time was 14 hours, 29 minutes and 29 seconds. Major events: Turn 1: horga the lawful male human Samurai entered the dungeon 307: entered the Gnomish Mines 1108: attained the rank of Ronin (level 3) 2074: reached Mine Town 2518: attained the rank of Ninja (level 6) 6021: was bestowed with Snickersnee by Amaterasu Omikami 6321: entered Sokoban 7023: completed 1st Sokoban level 7719: destroyed nabru's ghost, the former Esquire 7724: destroyed nabru's ghost, the former Bachelor 9841: acquired the Mines' End luckstone 12144: was bestowed with Demonbane by Amaterasu Omikami 13057: was bestowed with Trollsbane by Amaterasu Omikami 13931: received Excalibur from a strange woman laying about in a pond 15025: completed 2nd Sokoban level 15154: attained the rank of Joshu (level 10) 15517: completed 3rd Sokoban level 16678: completed 4th Sokoban level 17015: acquired the Sokoban bag of holding 25360: killed Medusa 27970: was crowned "The Hand of Elbereth" by Amaterasu Omikami 29028: killed the invisible Croesus 31336: attained the rank of Ryoshu (level 14) 31528: made his first wish - "2 blessed scrolls of charging", got "a scroll labeled VENZAR BORGAVVE" 32707: killed Ashikaga Takauji 32720: found the Tsurugi of Muramasa on the floor 32720: acquired the Bell of Opening 34829: entered Gehennom 34906: destroyed horga's ghost, the former Excavator 34908: found Grayswandir on the floor 35654: wished for "2 blessed scrolls of genocide", got "2 scrolls labeled KERNOD WEL" 36337: killed Juiblex 36470: killed Asmodeus 36779: bribed Baalzebub with 117 zorkmids for safe passage 37152: killed the invisible Orcus 37980: destroyed Vlad the Impaler 37982: acquired the Candelabrum of Invocation 38058: performed his first genocide (class R) 39291: wished for "blessed fixed greased +2 cloak of magic resistance", got "a greased piece of cloth" 39292: wished for "blessed fixed greased +2 silver dragon scale mail", got "a greased silver dragon scale mail" 39777: killed the Wizard of Yendor 39785: acquired the Book of the Dead 39790: performed the invocation 39900: killed the high priestess of Moloch 39903: acquired The Amulet of Yendor 40305: killed the Wizard of Yendor (2nd time) 40591: killed the Wizard of Yendor (3rd time) 41143: killed the Wizard of Yendor (5th time) 41522: entered the Elemental Planes 41522: entered Plane of Earth 41548: entered Plane of Air 41590: entered Plane of Fire 41604: entered Plane of Water 41606: genocided class ; 41638: entered the Astral Plane 41649: killed Pestilence 41706: killed Pestilence (2nd time) 41716: killed Pestilence (3rd time) 41740: killed Famine 41757: the high priestess of Susanowo has been killed (2nd time) 41762: ascended Vanquished creatures: Asmodeus Orcus Juiblex the Wizard of Yendor (6 times) Pestilence (thrice) Famine Vlad the Impaler an arch-lich 2 high clerics Medusa Croesus 12 krakens 3 iron golems a master lich 3 storm giants 2 glass golems a balrog a purple worm a gray dragon 3 silver dragons a red dragon a white dragon 2 orange dragons 9 black dragons 2 blue dragons 2 green dragons a yellow dragon 14 minotaurs 5 jabberwocks Ashikaga Takauji 4 baluchitheria 2 Angels 7 demiliches 2 stone golems a master mind flayer an Olog-hai 2 pit fiends 3 sandestins a hell hound a displacer beast a titanothere 2 trappers a guardian naga a genetic engineer 3 disenchanters 24 vampire leaders 5 skeletons 10 aligned clerics 3 captains 6 shades 7 liches 5 water trolls a clay golem 5 nurses 4 lurkers above an Aleax 2 frost giants 5 ettins 7 black puddings 19 vampires 8 lieutenants 17 ghosts a barbarian 9 samurai 2 queen bees a winged gargoyle 3 mind flayers 11 giant mimics 2 long worms 5 zruties a fire giant 4 ogre tyrants 18 rock trolls an umber hulk a flesh golem 6 elven monarchs a hezrou a bone devil 7 large mimics 4 wumpuses a baby purple worm 31 stalkers 10 air elementals 2 fire elementals 2 earth elementals 6 water elementals 3 hill giants 4 giant mummies a black naga 4 xorns 13 giant zombies 4 elf-nobles 16 sergeants 4 water demons 7 barbed devils 3 vrocks 11 wargs 2 winter wolves 5 hell hound pups 10 small mimics a glass piercer 4 warhorses 3 steam vortices 10 xans 2 ettin mummies 6 ogre leaders 8 quantum mechanics 12 trolls a sasquatch 4 wood golems 3 erinyes 4 mariliths 5 sharks 8 electric eels 7 gelatinous cubes 2 pyrolisks 2 large dogs 2 freezing spheres 6 flaming spheres 6 shocking spheres 5 large cats 4 tigers 3 gargoyles 6 ochre jellies 3 leocrottas 4 energy vortices 9 mountain centaurs 2 stone giants 5 elf mummies 3 human mummies 4 red nagas 2 green slimes a python 3 pit vipers 4 cobras 20 wraiths 7 carnivorous apes 10 ettin zombies 2 leather golems 14 Grey-elves 115 soldiers 3 watchmen 7 amorous demons 6 horned devils 9 chameleons 3 crocodiles 12 giant beetles 5 quivering blobs 13 cockatrices 57 wolves 5 winter wolf cubs 3 lynxes 2 panthers 10 gremlins 2 spotted jellies 7 leprechauns 5 orc-captains 2 iron piercers 3 mumakil 6 giant spiders 5 scorpions 3 horses 3 ice vortices 2 baby long worms 7 black lights 6 vampire bats 6 forest centaurs 7 gnome rulers 3 orc mummies 6 dwarf mummies 6 ogres 3 brown puddings 6 rust monsters 6 owlbears 7 yetis 2 gold golems 3 werewolves 18 Green-elves 6 piranha 23 giant eels 15 lizards 22 ninja 3 chickatrices 3 dingoes 5 dogs 5 housecats 11 jaguars a dwarf leader 4 blue jellies a gray unicorn 4 black unicorns 6 dust vortices 5 ravens 3 plains centaurs a gnome mummy 4 snakes 9 apes 22 human zombies 8 rope golems 14 Woodland-elves 15 soldier ants 5 fire ants 10 bugbears 5 imps 6 quasits 5 wood nymphs 7 water nymphs 2 mountain nymphs 4 Mordor orcs 4 Uruk-hai 4 orc shamans 8 rock piercers 6 rock moles 4 ponies 2 fog clouds 12 yellow lights 5 violet fungi 24 gnome leaders 11 gnomish wizards 3 kobold mummies a black naga hatchling 4 gray oozes 2 barrow wights 20 elf zombies 7 ghouls 3 straw golems a paper golem 5 jellyfish 78 giant ants a little dog 12 floating eyes a kitten 9 dwarves 5 homunculi 4 kobold leaders 5 kobold shamans 40 hill orcs 11 rothes 6 rabid rats 4 centipedes 4 giant bats 7 monkeys 16 orc zombies 12 dwarf zombies 2 wererats 2 werejackals 11 iguanas 45 killer bees 6 acid blobs 2 coyotes 3 gas spores 2 hobbits 7 manes 2 large kobolds 9 hobgoblins 20 giant rats 6 cave spiders a brown mold 2 yellow molds a green mold a red mold 58 gnomes 22 garter snakes 8 gnome zombies 10 geckos 24 jackals 2 foxes 2 kobolds 6 goblins 5 sewer rats 16 grid bugs 2 bats 13 lichens 7 kobold zombies 13 newts 1928 creatures vanquished. Genocided or extinct species: krakens disenchanters erinyes (extinct) sharks electric eels soldiers (extinct) rust monsters piranha giant eels jellyfish 8 species genocided. 2 species extinct. Voluntary challenges: You read items or engraved 163 times. You engraved Elbereth 23 times. You genocided 8 types of monsters. You used 4 wishes. You did not wish for any artifacts. You did not violate any of the special Sokoban rules. Achievements: You entered the Gnomish Mines. You attained the rank of Ronin. You entered Minetown. You entered a temple. You entered a shop. You attained the rank of Ninja. You entered Sokoban. You completed the Gnomish Mines. You attained the rank of Joshu. You completed Sokoban. You defeated Medusa. You attained the rank of Ryoshu. You had the Bell of Opening. You entered Gehennom. You had the Candelabrum of Invocation. You had the Book of the Dead. You gained access to Moloch's Sanctum. You reached the Elemental Planes. You reached the Astral Plane. You delivered the Amulet of Yendor. You ascended! The Elemental Planes: Astral Plane: <- You are here. Some temples. Plane of Water: Plane of Fire: Plane of Air: Plane of Earth: The Dungeons of Doom: levels 1 to 26 Level 1: A fountain, a grave. One way stairs up to The Elemental Planes. Level 2: Stairs down to The Gnomish Mines. Level 3: "vault" An altar. Level 4: A jewelers. Level 5: A general store, an altar. Level 6: "sinkloot" An armor shop, a sink. Level 7: "vaultloot" A sink. Level 8: "oracle" Oracle of Delphi. Level 9: Stairs up to Sokoban, level 8. Level 10: Some graves. Level 11: Level 12: A general store, a sink. Level 13: "vault,fort" A grave. Portal to Fort Ludios. Level 14: A grave. Portal to The Quest. Level 15: A primitive area. Level 16: Level 17: "vault" Level 18: "vault,wraith" A sink. Level 19: A fountain. Level 20: "poly trap, vault" A fountain, a sink. Level 21: A general store, a fountain. Level 22: A fountain, some graves. Level 23: A fountain. Level 24: A fountain. Level 25: Level 26: A fountain. The castle. Connection to Gehennom. Gehennom: levels 27 to 49 Level 27: A temple, many graves. Valley of the Dead. Final resting place for horga-Arc-Hum-Fem-Law, killed by a jabberwock. Level 28: Level 29: Level 30: Level 31: Level 32: Level 33: Level 34: Level 35: Level 36: Level 37: Level 38: Some shops, an altar, many graves. Stairs up to Vlad's Tower, level 37. Level 39: Level 40: Level 41: Level 42: Level 43: Level 44: Level 45: Level 46: Level 47: Level 48: Level 49: A temple, many graves. Moloch's Sanctum. The Gnomish Mines: levels 3 to 10 Level 3: Level 4: Some graves. Final resting place for nabru-Kni-Hum-Fem-Law, killed by a gnome lord, nabru-Kni-Hum-Fem-Law, killed by a gnome lord. Level 5: Many shops, a temple to Susanowo, some fountains, a sink. Level 6: Level 7: Level 8: Level 9: Level 10: The Quest: levels 1 to 5 Level 1: Completed quest for Lord Sato. Level 2: Level 3: Level 4: Level 5: Sokoban: levels 8 up to 5 Level 5: Solved. Level 6: Solved. Level 7: Solved. Level 8: Solved. Fort Ludios: Level 1: Fort Ludios. Vlad's Tower: levels 37 up to 35 Level 35: Level 36: Level 37: Sayonara horga the Demigod... You went to your reward with 1039388 points, Grayswandir (worth 8000 zorkmids and 20000 points) The Bell of Opening (worth 5000 zorkmids and 12500 points) The Book of the Dead (worth 10000 zorkmids and 25000 points) The Candelabrum of Invocation (worth 5000 zorkmids and 12500 points) 1 garnet stone (worth 700 zorkmids), 1 worthless piece of colored glass, 2 amulets of life saving (worth 300 zorkmids), 1 amulet of reflection (worth 150 zorkmids), and 156 pieces of gold, after 41762 moves. You were level 16 with a maximum of 265 hit points when you ascended.